 Dungeon Crawl Stone Soup version 0.28.0-43-g3370ac3207 (webtiles) character file.

Game seed: 6082806200774991881

601 adizb the Skirmisher (level 7, -8/59 HPs)
             Began as a Demonspawn Gladiator on Mar 10, 2022.
             Mangled by an ogre
             ... wielding a +0 giant club
              (13 damage)
             ... on level 4 of the Dungeon.
             The game lasted 00:16:08 (3949 turns).

adizb the Skirmisher (Demonspawn Gladiator)         Turns: 3949, Time: 00:16:08

Health: -8/59      AC: 15    Str: 17    XL:     7   Next: 18%
Magic:  7/7        EV:  8    Int:  9    God:
Gold:   285        SH:  0    Dex: 14    Spells: 6/6 levels left

rFire   + . .      SeeInvis .   a - +0 long sword
rCold   . . .      Faith    .   (no shield)
rNeg    + . .      Spirit   .   d - +3 chain mail {rN+}
rPois   .          Reflect  .   (helmet restricted)
rElec   .          Harm     .   (no cloak)
rCorr   .          Rampage  .   i - +0 pair of gloves
Will    .....                   (no boots)
Stlth   ..........              f - amulet of magic regeneration
HPRegen 0.19/turn               q - ring of protection from fire
MPRegen 0.50/turn               (no ring)

@: no status effects
A: antennae 1, slimy green scales 1, demonic magic 1
a: no special abilities


You were on level 4 of the Dungeon.
You visited 1 branch of the dungeon, and saw 5 of its levels.

You collected 285 gold pieces.

Inventory:

Hand Weapons
 a - a +0 long sword (weapon)
Missiles
 g - a throwing net
 k - 5 silver boomerangs (quivered)
Armour
 b - a +0 leather armour
 d - a +3 chain mail of positive energy (worn)
 i - a +0 pair of gloves (worn)
 j - a +0 chain mail
 l - a +0 pair of gloves
Jewellery
 f - an amulet of magic regeneration (around neck)
 q - a ring of protection from fire (left hand)
Wands
 o - a wand of charming (5)
Scrolls
 n - 2 scrolls of amnesia
Potions
 m - a potion of attraction
 p - a potion of flight


   Skills:
 * Level 6.6 Fighting
 - Level 2.6 Long Blades
 - Level 1.7 Throwing
 + Level 3.7 Armour
 - Level 2.6 Dodging
 + Level 0.2 Spellcasting


You had 6 spell levels left.
You didn't know any spells.
Your spell library contained the following spells:

 Spells                   Type           Power      Damage    Failure   Level
 Beastly Appendage        Tmut           0%         N/A       99%         1
 Wereblood                Tmut           0%         N/A       100%        2
 Gell's Gravitas          Tloc           0%         N/A       100%        3
 Lesser Beckoning         Tloc           0%         N/A       100%        3
 Spider Form              Tmut/Pois      0%         N/A       100%        3
 Teleport Other           Tloc           0%         N/A       100%        3


Dungeon Overview and Level Annotations

Branches:
Dungeon (5/15)
 Temple: D:4-7

Altars:


Innate Abilities, Weirdness & Mutations

You have a pair of small antennae on your head.
You are partially covered in slimy green scales. (AC +2)
Spells you cast may paralyse adjacent enemies.


Message History

The hound is almost dead.
The hound bites you. The hound closely misses you.
You hit the hound.
You kill the hound!
You climb downwards.
The hound skeleton bites you but does no damage.
The ogre hits you but does no damage. The orc hits you but does no damage.
The hound skeleton bites you but does no damage.
The orc hits you but does no damage.
There is a stone staircase leading up here.
You hit the hound skeleton.
The hound skeleton is lightly damaged.
The hound skeleton bites you but does no damage.
The ogre hits you with a +0 giant club!
The hound skeleton bites you but does no damage.
The orc hits you with a +0 dagger. The hound skeleton closely misses you.
The ogre hits you with a +0 giant club!!
The orc suddenly curses.
The orc barely misses you.
You climb upwards.
There is a stone staircase leading down here.
You barely miss the orc. The ogre hits you with a +0 giant club!
* * * LOW HITPOINT WARNING * * *
The orc hits you but does no damage.
Okay, then.
Okay, then.
As you read the scroll labelled ULOFAE KUNIMYO, it crumbles to dust.
You speak a Word of immense power!
You are blasted by holy energy!
* * * LOW HITPOINT WARNING * * *
It was a scroll of holy word.
The orc closely misses you. The ogre hits you but does no damage.
As you read the scroll labelled CUPEAG HYOSK, it crumbles to dust.
It is a scroll of enchant armour.
Your +2 chain mail of positive energy glows green for a moment.
The orc hits you but does no damage. The ogre barely misses you.
You hit the orc.
The orc is heavily wounded.
The orc hits you but does no damage. The ogre hits you with a +0 giant club!
You die...

# ############# ............#
..#########.# ##################
..#########)# #.................
.........##.# #o###############.
########.##.# #@###### #.
.#######.##.####O##...## #.
............##.........#########.
..#######...##.#.........>.......
..# #...............#########.
..### #.#.............## #.
....##.###.###.....#### #.
....#.####...).......# #.
.........#.#.###.#.#.# #.


You could see an ogre and an orc.

Vanquished Creatures
  A black bear (D:2)
  A necrophage (D:4)
  A scorpion (D:4)
  A water moccasin skeleton (D:3)
  An orc priest (D:4)
  A hound (D:4)
  Terence (D:3)
  An iguana (D:4)
  An orc wizard (D:3)
  Ijyb (D:3)
  6 adders
  A worm (D:2)
  2 dart slugs (D:4)
  14 orcs
  11 endoplasms
  2 giant cockroaches
  6 goblins
  12 hobgoblins
  5 quokkas
  9 ball pythons
  2 bats
  A frilled lizard (D:2)
  5 kobolds
  4 rats
90 creatures vanquished.

Notes
Turn   | Place    | Note
-------+----------+-------------------------------------------
     0 | D:1      | adizb the Demonspawn Gladiator began the quest for the Orb.
     0 | D:1      | Reached XP level 1. HP: 16/16 MP: 1/1
    57 | D:1      | Found a faded altar of an unknown god.
   404 | D:1      | Gained mutation: You are partially covered in slimy green
                  | scales. (AC +2) [demonic ancestry]
   404 | D:1      | Reached XP level 2. HP: 18/23 MP: 2/2
   655 | D:2      | Reached skill level 3 in Fighting
   655 | D:2      | Reached skill level 1 in Armour
   734 | D:2      | Reached XP level 3. HP: 26/29 MP: 3/3
  1165 | D:2      | Noticed a black bear
  1211 | D:2      | Killed a black bear
  1212 | D:2      | Reached skill level 4 in Fighting
  1212 | D:2      | Reached XP level 4. HP: 38/38 MP: 4/4
  1212 | D:2      | Gained mutation: You have a pair of small antennae on your
                  | head. [demonic ancestry]
  1212 | D:2      | Reached XP level 5. HP: 43/43 MP: 5/5
  1793 | D:3      | Noticed Terence
  1813 | D:3      | Killed Terence
  1822 | D:3      | Reached skill level 5 in Fighting
  1971 | D:3      | Noticed Ijyb
  1985 | D:3      | Killed Ijyb
  1986 | D:3      | Reached XP level 6. HP: 46/51 MP: 6/6
  2540 | D:4      | HP: 1/51 [orc priest/divine providence (14)]
  2548 | D:5      | Entered Level 5 of the Dungeon
  2990 | D:4      | Reached skill level 6 in Fighting
  3130 | D:4      | HP: 2/52 [iguana (11)]
  3478 | D:4      | Gained mutation: Spells you cast may paralyse adjacent
                  | enemies. [demonic ancestry]
  3478 | D:4      | Reached XP level 7. HP: 19/59 MP: 7/7
  3949 | D:4      | Mangled by an ogre

Illustrated notes

Levels and vault maps discovered:
D:1:      dpeg_arrival_connections, layout_loops_ring,
          chequers_ecumenical_altar_island
D:2:      layout_loops_corners, kennysheep_generic_room_14, uniq_sigmund
D:3:      layout_loops_corners, kennysheep_generic_room_9, uniq_terence,
          uniq_ijyb
D:4:      layout_loops_ring
D:5:      layout_gridville, minmay_temple_entry_wispy, uniq_menkaure

Skill      XL: |  1  2  3  4  5  6 |
---------------+-------------------+-----
Fighting       | 3 4 5 6 |  6.6
Armour         | 1 2 3 |  3.7
Long Blades    | |  2.6
Throwing       | |  1.7
Dodging        | |  2.6
Spellcasting   | |  0.2

Action                   |  1- 3 |  4- 6 |  7- 9 || total
-------------------------+-------+-------+-------++-------
Melee: Long sword        |   101 |   225 |    12 ||   338
       Punch             |     1 |     2 |     1 ||     4
Throw: Throwing net      |     3 |       |       ||     3
       Boomerang         |       |    13 |       ||    13
  Use: Potion            |     1 |     1 |       ||     2
       Scroll            |       |     4 |     2 ||     6
 Stab: Held in net/web   |     3 |       |       ||     3
Armor: Leather armour    |    25 |       |       ||    25
       Chain mail        |    14 |   161 |    25 ||   200
Dodge: Dodged            |    58 |   104 |    18 ||   180
